[Event "ICC tourney 2606 (40 5)"]
[Site "Internet Chess Club"]
[Date "2021.06.12"]
[Round "3"]
[White "MCCOY, OWEN:K12-14447115"]
[Black "LIU, LEONARDO:K12-14879663"]
[Result "1-0"]
[ICCResult "Black resigns"]
[WhiteElo "2251"]
[BlackElo "2042"]
[Opening "Réti: King's Indian attack"]
[ECO "A05"]
[NIC "QP.11"]
[Time "17:00:38"]
[PlyCount "67"]
[TimeControl "2400+5"]

1. Nf3 Nf6 2. g3 g6 3. Bg2 Bg7 4. O-O O-O 5. d3 d5 6. Nbd2 c5 7. e4 Nc6 8.
Re1 b6 9. a3 Bb7 10. c3 dxe4 11. dxe4 Qc7 12. Rb1 Ng4 13. Qc2 Rfd8 14. Nf1
Ba6 15. c4 Nd4 16. Nxd4 cxd4 17. b3 Rac8 18. Qd1 Ne5 19. f4 Nd7 20. a4 Nb8
21. Ba3 Nc6 22. Qd3 Bb7 23. b4 e6 24. Rec1 Bf8 25. c5 bxc5 26. bxc5 Na5 27.
Nd2 Qc6 28. Bb4 Ba6 29. Qc2 d3 30. Qc3 Nb7 31. e5 Qxa4 32. c6 Bxb4 33. Qxb4
Qa2 34. Ra1 { Black resigns } 1-0

[Event "ICC tourney 2606 (40 5)"]
[Site "Internet Chess Club"]
[Date "2021.06.12"]
[Round "3"]
[White "GUO, ARTHUR:K12-14772092"]
[Black "OBEROI, SHELEV:K12-14961028"]
[Result "1-0"]
[ICCResult "Black resigns"]
[WhiteElo "2447"]
[BlackElo "2285"]
[Opening "Ruy Lopez: Anderssen variation"]
[ECO "C77"]
[NIC "RL.12"]
[Time "17:00:17"]
[PlyCount "77"]
[TimeControl "2400+5"]

1. e4 e5 2. Nf3 Nc6 3. Bb5 a6 4. Ba4 Nf6 5. d3 b5 6. Bb3 Bc5 7. c3 O-O 8.
O-O d6 9. Bg5 h6 10. Bh4 g5 11. Bg3 Bb6 12. Nbd2 Kg7 13. Re1 Rb8 14. Nf1
Qe7 15. d4 g4 16. Nh4 Nxe4 17. Rxe4 f5 18. Re1 f4 19. Qd3 Qg5 20. Bc2 Ne7
21. Qh7+ Kf6 22. Bxf4 Qxf4 23. Ng3 Ke6 24. Bf5+ Rxf5 25. Ngxf5 Nxf5 26. Ng6
Qg5 27. dxe5 Kd5 28. Qf7+ Kc6 29. e6 Qd2 30. Qxf5 Kb7 31. Rad1 Qxb2 32. Ne7
Qxc3 33. Qe4+ c6 34. Rc1 Qf6 35. Qxc6+ Ka7 36. Nxc8+ Rxc8 37. Qxc8 Bxf2+
38. Kh1 Bxe1 39. Qd7+ { Black resigns } 1-0

[Event "ICC tourney 2606 (40 5)"]
[Site "Internet Chess Club"]
[Date "2021.06.12"]
[Round "3"]
[White "MOOR, NATHANIEL PHILIP:K12-15012516"]
[Black "SU, KENNETH:K12-15191452"]
[Result "1-0"]
[ICCResult "Black resigns"]
[WhiteElo "2219"]
[BlackElo "2160"]
[Opening "KP: Nimzovich defense"]
[ECO "B00"]
[NIC "VO.04"]
[Time "17:00:13"]
[PlyCount "85"]
[TimeControl "2400+5"]

1. e4 Nc6 2. d4 e5 3. dxe5 Nxe5 4. Nf3 Qf6 5. Be2 Bc5 6. Nc3 Nxf3+ 7. Bxf3
d6 8. Nd5 Qd8 9. O-O Be6 10. Re1 c6 11. b4 Bb6 12. Bb2 f6 13. Bh5+ Bf7 14.
Bxf7+ Kxf7 15. Nf4 Ne7 16. Qf3 Ng6 17. Rad1 Qe7 18. Nxg6 hxg6 19. e5 Rae8
20. e6+ Kg8 21. Qg3 Bc7 22. Qxg6 Rh6 23. Qg4 d5 24. g3 Rf8 25. Qf5 g6 26.
Qg4 f5 27. Qd4 Qh7 28. e7 Re8 29. Qe3 g5 30. Qxg5+ Rg6 31. Qe3 f4 32. Qf3
Rxe7 33. Rxe7 Qxe7 34. Bc3 fxg3 35. hxg3 Bb6 36. Kg2 Qe6 37. Re1 Qf7 38.
Qxf7+ Kxf7 39. f4 c5 40. bxc5 Bxc5 41. Re5 Bd6 42. Rxd5 Ke6 43. f5+ { Black
resigns } 1-0

[Event "ICC tourney 2606 (40 5)"]
[Site "Internet Chess Club"]
[Date "2021.06.12"]
[Round "3"]
[White "CLASBY, DEREK:K12-15194211"]
[Black "JONES, JACOB BENJAMIN:K12-16585267"]
[Result "1/2-1/2"]
[ICCResult "Game drawn because neither player has mating material"]
[WhiteElo "2286"]
[BlackElo "1891"]
[Opening "Scandinavian (center counter) defense"]
[ECO "B01"]
[NIC "VO.17"]
[Time "17:01:00"]
[PlyCount "139"]
[TimeControl "2400+5"]

1. e4 d5 2. Nc3 d4 3. Nce2 e5 4. f4 exf4 5. Nxf4 Bd6 6. d3 c5 7. g3 Nc6 8.
Nf3 Nge7 9. Bg2 Qc7 10. O-O Bg4 11. h3 Bxf3 12. Qxf3 Ne5 13. Qe2 O-O 14. c3
Rac8 15. c4 b5 16. b3 bxc4 17. bxc4 Rb8 18. Qc2 Rb7 19. Rf2 Rfb8 20. Bf1
N5g6 21. Kg2 Bxf4 22. gxf4 Qd7 23. Kg3 Qc6 24. Kh2 Rb6 25. Bg2 Nh4 26. f5
Nxg2 27. Rxg2 Qd6+ 28. Kh1 Nc6 29. Rg1 f6 30. Qf2 R8b7 31. Bf4 Ne5 32. Qg3
Rb2 33. Raf1 Rxa2 34. Rb1 Re7 35. Bh6 g6 36. Rb5 a6 37. Rb3 Kf7 38. fxg6+
hxg6 39. Bf4 g5 40. Bxe5 Qxe5 41. Qxe5 Rxe5 42. Rb7+ Re7 43. Rb6 Re6 44.
Rb3 Kg6 45. Rf1 Re7 46. Rb6 Rf7 47. e5 Rd2 48. Rxa6 Rxd3 49. Rfxf6+ Rxf6
50. Rxf6+ Kh5 51. Rc6 Rxh3+ 52. Kg2 Re3 53. Rxc5 Kg4 54. Rd5 Re2+ 55. Kf1
Rd2 56. Ke1 Rd3 57. Ke2 Re3+ 58. Kd2 Kf3 59. Rxd4 Rxe5 60. Rd5 Re2+ 61. Kd3
Re3+ 62. Kd4 Re4+ 63. Kd3 g4 64. Rf5+ Rf4 65. Rxf4+ Kxf4 66. Ke2 Ke4 67. c5
Kd5 68. Kf2 Kxc5 69. Kg3 Kd4 70. Kxg4 { Game drawn because neither player
has mating material } 1/2-1/2

[Event "ICC tourney 2606 (40 5)"]
[Site "Internet Chess Club"]
[Date "2021.06.12"]
[Round "3"]
[White "BONAM, SAIGAUTAM:K12-14765995"]
[Black "WHITE, GABRIEL:K12-14675560"]
[Result "1/2-1/2"]
[ICCResult "Game drawn because neither player has mating material"]
[WhiteElo "2193"]
[BlackElo "1889"]
[Opening "QGD Slav: 3.Nf3"]
[ECO "D11"]
[NIC "SL.01"]
[Time "17:00:27"]
[PlyCount "192"]
[TimeControl "2400+5"]

1. d4 d5 2. c4 c6 3. Nf3 Nf6 4. g3 e6 5. Bg2 Nbd7 6. Qc2 Bd6 7. O-O O-O 8.
Nbd2 b6 9. e4 dxe4 10. Nxe4 Nxe4 11. Qxe4 Bb7 12. Qc2 Rc8 13. Rd1 Qe7 14.
b3 Rfd8 15. Bb2 Nf6 16. Re1 Qc7 17. Rad1 a5 18. c5 Be7 19. Bc1 Nd5 20. a3
Ba6 21. Bg5 Qa7 22. Bxe7 Qxe7 23. Ne5 Qb7 24. Rb1 Ne7 25. b4 Nf5 26. Nxc6
Rxc6 27. d5 Rcc8 28. dxe6 Nd4 29. Bxb7 Nxc2 30. Bxa6 Nxe1 31. exf7+ Kxf7
32. Bxc8 Nf3+ 33. Kg2 Nd2 34. Rd1 bxc5 35. bxc5 Rxc8 36. Rxd2 Rxc5 37. Rd4
Rc3 38. Ra4 Rc5 39. h4 Rb5 40. g4 Kf6 41. Kg3 h6 42. Rf4+ Ke6 43. h5 Rb3+
44. Rf3 a4 45. Kg2 Ke7 46. Re3+ Kf6 47. Kf3 Kg5 48. Kg3 Kf6 49. Kf4 Kf7 50.
Ke4 Rb2 51. Rf3+ Ke6 52. Kd4 Rc2 53. Kd3 Rc1 54. Rf4 Rf1 55. Ke2 Ra1 56.
Rxa4 Ra2+ 57. Ke3 Kf6 58. Ra7 Ra1 59. a4 Ra2 60. a5 Ra4 61. f3 Ra3+ 62. Kf2
Ra4 63. a6 Ra3 64. Kg3 Ra4 65. Ra8 Ra3 66. a7 Kf7 67. Kf4 Ra4+ 68. Ke5 Ra5+
69. Kd6 Ra4 70. Rd8 Ra6+ 71. Ke5 Rxa7 72. Rd5 Re7+ 73. Kf4 Re1 74. Rd7+ Kf6
75. Rd6+ Kf7 76. Kf5 Re7 77. f4 Ra7 78. Re6 Ra5+ 79. Re5 Ra1 80. Rb5 Ra7
81. g5 hxg5 82. fxg5 Rd7 83. g6+ Ke7 84. Re5+ Kf8 85. Rb5 Rd1 86. Rb8+ Ke7
87. Rb7+ Kf8 88. Rb8+ Ke7 89. Rg8 Rd5+ 90. Kg4 Rd4+ 91. Kg3 Kf6 92. Rf8+
Kg5 93. Rf7 Kxh5 94. Rxg7 Rd6 95. Rg8 Rxg6+ 96. Rxg6 Kxg6 { Game drawn
because neither player has mating material } 1/2-1/2

[Event "ICC tourney 2606 (40 5)"]
[Site "Internet Chess Club"]
[Date "2021.06.13"]
[Round "4"]
[White "LADAN, NICHOLAS:K12-15092641"]
[Black "BIRADAVOLU, ASRITH:K12-14190950"]
[Result "1-0"]
[ICCResult "Black resigns"]
[WhiteElo "2095"]
[BlackElo "1490"]
[Opening "King's Indian: fianchetto, classical variation, 8.e4"]
[ECO "E68"]
[NIC "KI.64"]
[Time "11:00:26"]
[PlyCount "25"]
[TimeControl "2400+5"]

1. d4 Nf6 2. c4 g6 3. Nf3 Bg7 4. g3 O-O 5. Bg2 d6 6. O-O Nbd7 7. Nc3 e5 8.
e4 a6 9. h3 h6 10. Be3 Ne8 11. dxe5 Nxe5 12. Nxe5 Bf6 13. Ng4 { Black
resigns } 1-0

[Event "ICC tourney 2606 (40 5)"]
[Site "Internet Chess Club"]
[Date "2021.06.13"]
[Round "4"]
[White "KOTHAPALLI, PRADHYUMNAKUMAR:K12-15273893"]
[Black "CHEN, BENJAMINLJ:K12-14811886"]
[Result "1/2-1/2"]
[ICCResult "Game drawn by mutual agreement"]
[WhiteElo "2140"]
[BlackElo "2192"]
[Opening "Sicilian: Canal-Sokolsky attack, 3...Bd7"]
[ECO "B52"]
[NIC "SI.01"]
[Time "11:01:02"]
[PlyCount "33"]
[TimeControl "2400+5"]

1. e4 c5 2. Nf3 d6 3. Bb5+ Bd7 4. Bxd7+ Qxd7 5. d4 cxd4 6. Qxd4 Nc6 7. Qe3
Nf6 8. O-O g6 9. h3 Bg7 10. Rd1 Qc7 11. c3 O-O 12. Qe2 Qa5 13. Nbd2 b5 14.
Nb3 Qb6 15. Be3 Qb7 16. Bg5 a5 17. e5 { Game drawn by mutual agreement }
1/2-1/2

[Event "ICC tourney 2606 (40 5)"]
[Site "Internet Chess Club"]
[Date "2021.06.13"]
[Round "4"]
[White "WANG, JUSTIN:K12-14930904"]
[Black "GRABINSKY, JOSHUA:K12-14729181"]
[Result "1-0"]
[ICCResult "Black checkmated"]
[WhiteElo "2540"]
[BlackElo "2315"]
[Opening "QGD: classical variation (5.Bf4)"]
[ECO "D37"]
[NIC "QO.04"]
[Time "11:00:45"]
[PlyCount "111"]
[TimeControl "2400+5"]

1. d4 Nf6 2. c4 e6 3. Nf3 d5 4. Nc3 Be7 5. Bf4 O-O 6. e3 a6 7. c5 Ne4 8.
Nxe4 dxe4 9. Nd2 f5 10. h3 Nd7 11. Nc4 Nf6 12. a3 Nd5 13. Be5 Bd7 14. Rc1
Bb5 15. Be2 Bxc4 16. Bxc4 c6 17. O-O Bf6 18. Bd6 Be7 19. Bh2 Qd7 20. Qb3
Bd8 21. Bd6 Rf7 22. f3 b5 23. Bxd5 exd5 24. fxe4 fxe4 25. Rxf7 Qxf7 26. Rf1
Bf6 27. Be5 Qg6 28. Bxf6 gxf6 29. Rf4 Kh8 30. Qc2 Rf8 31. Qf2 Qh6 32. Kh2
Rf7 33. Rh4 Qf8 34. Qf5 Qb8+ 35. Rf4 Qe8 36. g4 Kg7 37. Qh5 Re7 38. Qh4 Qg6
39. Rf5 Re6 40. Qg3 Qf7 41. Qf4 Qe7 42. Kg2 a5 43. h4 a4 44. Kh2 Kg8 45. h5
Kg7 46. g5 h6 47. gxh6+ Kh7 48. Kh3 Qf8 49. Rg5 Re7 50. Qf5+ Kh8 51. Rg6
Rf7 52. h7 Rxh7 53. Rxf6 Qe7 54. Qc8+ Kg7 55. Rg6+ Kf7 56. Qg8# { Black
checkmated } 1-0

[Event "ICC tourney 2606 (40 5)"]
[Site "Internet Chess Club"]
[Date "2021.06.13"]
[Round "4"]
[White "RAPARTHI, ANKIT:K12-14686010"]
[Black "NATHAN,  KAPIL:K12-15120535"]
[Result "1-0"]
[ICCResult "Black resigns"]
[WhiteElo "2033"]
[BlackElo "1394"]
[Opening "Réti opening"]
[ECO "A09"]
[NIC "QP.09"]
[Time "11:01:07"]
[PlyCount "73"]
[TimeControl "2400+5"]

1. Nf3 d5 2. c4 Nf6 3. cxd5 Nxd5 4. e4 Nb6 5. d4 e6 6. Nc3 Nc6 7. Be2 Bb4
8. O-O h6 9. a3 Bxc3 10. bxc3 O-O 11. Bd3 Ne7 12. Qe2 Ng6 13. g3 Nd7 14. h4
Nf6 15. e5 Nd5 16. h5 Nge7 17. c4 Nb6 18. Qe4 f5 19. exf6 Rxf6 20. Qh7+ Kf8
21. Bf4 Nd7 22. Ne5 Rxf4 23. Qh8+ Ng8 24. Ng6+ Kf7 25. Nxf4 Ndf6 26. Bg6+
Kf8 27. Rad1 c6 28. Rfe1 Qd6 29. d5 cxd5 30. Bh7 Kf7 31. Bxg8+ Nxg8 32. Qh7
Ne7 33. Ng6 Bd7 34. cxd5 Nxd5 35. Ne5+ Ke7 36. Qxg7+ Kd8 37. Nf7+ { Black
resigns } 1-0

[Event "ICC tourney 2606 (40 5)"]
[Site "Internet Chess Club"]
[Date "2021.06.13"]
[Round "4"]
[White "YOO, EUGENE CHOI:K12-14862820"]
[Black "CHASIN, NICO WERNER:K12-14955471"]
[Result "0-1"]
[ICCResult "White resigns"]
[WhiteElo "2191"]
[BlackElo "2389"]
[Opening "Queen's pawn game, Darooha variation "]
[ECO "D02"]
[NIC "QP.06"]
[Time "11:00:36"]
[PlyCount "122"]
[TimeControl "2400+5"]

1. d4 Nf6 2. Nf3 d5 3. g3 c6 4. Bg2 Bf5 5. O-O e6 6. c4 Be7 7. Qb3 Qb6 8.
c5 Qa6 9. Re1 b6 10. Bf1 Be4 11. cxb6 Qxb6 12. Nc3 Qxb3 13. axb3 Bc2 14.
Bf4 Nbd7 15. Rec1 Bxb3 16. Nd2 Bc4 17. Nxc4 dxc4 18. Na4 Nd5 19. Rxc4 Nxf4
20. gxf4 Rc8 21. Bg2 Nb8 22. Rac1 Kd7 23. b4 Bd6 24. e3 Rc7 25. Nc5+ Ke7
26. Ne4 Rhc8 27. Nxd6 Kxd6 28. e4 Kd7 29. e5 g6 30. Kf1 Kd8 31. Ke2 Rb7 32.
Kd3 Na6 33. Kc3 Rb6 34. Ra1 Nc7 35. Kb3 Nb5 36. Ra5 Kd7 37. Ra2 Rc7 38. Bh3
Rcb7 39. Rd2 Nc7 40. Ra2 Nd5 41. Ra4 a5 42. Rxa5 Rxb4+ 43. Rxb4 Rxb4+ 44.
Kc2 Rxd4 45. Bg2 Rxf4 46. Kd3 Rxf2 47. Be4 Rxh2 48. Ra7+ Nc7 49. Kd4 Rh4
50. Kc5 Rxe4 51. Rxc7+ Ke8 52. Rc8+ Kd7 53. Rc7+ Ke8 54. Rc8+ Ke7 55. Rc7+
Kf8 56. Rc8+ Kg7 57. Kd6 c5 58. Rxc5 Rd4+ 59. Ke7 Rd5 60. Rc7 Rxe5 61. Ke8
Rf5 { White resigns } 0-1

[Event "ICC tourney 2606 (40 5)"]
[Site "Internet Chess Club"]
[Date "2021.06.13"]
[Round "4"]
[White "HUNG, DANIEL:K12-14504425"]
[Black "KUNG, THOMAS:K12-14583075"]
[Result "0-1"]
[ICCResult "White resigns"]
[WhiteElo "2185"]
[BlackElo "2286"]
[Opening "French: advance, Paulsen attack"]
[ECO "C02"]
[NIC "FR.03"]
[Time "11:00:12"]
[PlyCount "70"]
[TimeControl "2400+5"]

1. e4 e6 2. d4 d5 3. e5 c5 4. c3 Nc6 5. Nf3 Qb6 6. a3 Nh6 7. b4 cxd4 8.
cxd4 Nf5 9. Be3 f6 10. exf6 gxf6 11. Be2 Nxe3 12. fxe3 Bh6 13. Kf2 O-O 14.
Nc3 a5 15. b5 Ne7 16. Bd3 e5 17. Bc2 Be6 18. Na4 Qd6 19. Nc5 Bc8 20. Re1 b6
21. Na4 Bg4 22. e4 exd4 23. exd5 Be3+ 24. Kf1 Kh8 25. Qd3 Bf5 26. Qb3 Bxc2
27. Qxc2 Nxd5 28. Rad1 Rae8 29. Qb3 Re4 30. Nb2 Rfe8 31. Qd3 Rf4 32. Nc4
Rxf3+ 33. gxf3 Qxh2 34. Nxe3 Nxe3+ 35. Rxe3 dxe3 { White resigns } 0-1

[Event "ICC tourney 2606 (40 5)"]
[Site "Internet Chess Club"]
[Date "2021.06.13"]
[Round "4"]
[White "WHITE, GABRIEL:K12-14675560"]
[Black "MOOR, NATHANIEL PHILIP:K12-15012516"]
[Result "0-1"]
[ICCResult "White resigns"]
[WhiteElo "1889"]
[BlackElo "2219"]
[Opening "Sicilian: Najdorf, Opocensky variation"]
[ECO "B92"]
[NIC "SI.11"]
[Time "11:00:33"]
[PlyCount "68"]
[TimeControl "2400+5"]

1. e4 c5 2. Nf3 d6 3. d4 cxd4 4. Nxd4 Nf6 5. Nc3 a6 6. Be2 e5 7. Nb3 Be7 8.
O-O Be6 9. Kh1 Nbd7 10. f4 Qc7 11. Be3 b5 12. Bf3 O-O 13. Qe1 b4 14. Ne2
Qxc2 15. fxe5 dxe5 16. Ng3 Qxb2 17. Nf5 Bxf5 18. exf5 Rab8 19. Qg3 Rfd8 20.
Rfe1 e4 21. Be2 Ra8 22. Nd4 Nc5 23. Nc6 Bd6 24. Qg5 h6 25. Qh4 Rdc8 26. Bd4
Qd2 27. Bxf6 Rxc6 28. Rad1 Qf4 29. Qxf4 Bxf4 30. Bb2 Na4 31. Bd4 Nc3 32.
Ra1 Bd2 33. Bxc3 bxc3 34. Red1 Rd8 { White resigns } 0-1

[Event "ICC tourney 2606 (40 5)"]
[Site "Internet Chess Club"]
[Date "2021.06.13"]
[Round "4"]
[White "OSKIPER, CONSTANTINE:K12-14338863"]
[Black "GUO, ARTHUR:K12-14772092"]
[Result "1-0"]
[ICCResult "Black forfeits on time"]
[WhiteElo "1909"]
[BlackElo "2447"]
[Opening "Catalan: closed, 5.Nf3"]
[ECO "E06"]
[NIC "CA.04"]
[Time "11:00:43"]
[PlyCount "75"]
[TimeControl "2400+5"]

1. d4 Nf6 2. c4 e6 3. Nf3 d5 4. g3 Be7 5. Bg2 O-O 6. O-O c6 7. Nc3 b6 8.
Ne5 Ba6 9. e4 dxc4 10. a4 Nfd7 11. Ng4 e5 12. d5 Bc5 13. Qe2 Bd4 14. Ne3
Nc5 15. Nf5 Bc8 16. Qxc4 Ba6 17. Nb5 cxb5 18. axb5 Bb7 19. Nxd4 exd4 20. b4
Ncd7 21. Qxd4 f6 22. f4 Re8 23. Ra3 a6 24. Bb2 axb5 25. Rxa8 Bxa8 26. Ra1
Bb7 27. Ra7 Qc7 28. Bc3 Na6 29. d6 Qb8 30. Rxb7 Qxb7 31. e5 Qc8 32. Bd5+
Kf8 33. e6 Nab8 34. Qe3 Nc6 35. Qe4 Ne7 36. Qxh7 Qxc3 37. Qh8+ Ng8 38. e7+
{ Black forfeits on time } 1-0

[Event "ICC tourney 2606 (40 5)"]
[Site "Internet Chess Club"]
[Date "2021.06.13"]
[Round "4"]
[White "LEVKOV, DANIEL:K12-14218690"]
[Black "BONAM, SAIGAUTAM:K12-14765995"]
[Result "0-1"]
[ICCResult "White resigns"]
[WhiteElo "2159"]
[BlackElo "2193"]
[Opening "Caro-Kann: advance variation"]
[ECO "B12"]
[NIC "CK.04"]
[Time "11:00:15"]
[PlyCount "58"]
[TimeControl "2400+5"]

1. e4 c6 2. d4 d5 3. e5 Bf5 4. h4 h5 5. Bg5 Qb6 6. Bd3 Qxd4 7. Nf3 Qg4 8.
O-O Bxd3 9. Qxd3 e6 10. Nbd2 Be7 11. c4 Bxg5 12. Nxg5 Ne7 13. cxd5 cxd5 14.
Qb5+ Nbc6 15. Qxb7 O-O 16. Rac1 Rab8 17. Qc7 Nd4 18. Ndf3 Ne2+ 19. Kh2 Nxc1
20. Rxc1 Ng6 21. g3 Rxb2 22. Qxa7 Qf5 23. Kg2 Nxe5 24. Nxe5 Qxe5 25. Rc7
Qf6 26. a4 d4 27. Ne4 Qe5 28. Ng5 Qd5+ 29. Nf3 Rb3 { White resigns } 0-1

[Event "ICC tourney 2606 (40 5)"]
[Site "Internet Chess Club"]
[Date "2021.06.13"]
[Round "4"]
[White "PULLABHOTLA, VENKATA:K12-15472194"]
[Black "GUNDAM, ROHIT:K12-14908373"]
[Result "1-0"]
[ICCResult "Black checkmated"]
[WhiteElo "2094"]
[BlackElo "2190"]
[Opening "French: Tarrasch, open, 4.ed ed"]
[ECO "C08"]
[NIC "FR.20"]
[Time "11:00:35"]
[PlyCount "115"]
[TimeControl "2400+5"]

1. e4 e6 2. d4 d5 3. Nd2 c5 4. exd5 exd5 5. dxc5 Bxc5 6. Ngf3 Qb6 7. Qe2+
Ne7 8. Nb3 O-O 9. Nxc5 Qxc5 10. Be3 Qc7 11. O-O-O Nbc6 12. Qd2 Bf5 13. Bd3
Rac8 14. Bf4 Qb6 15. a3 Bxd3 16. Qxd3 Qxf2 17. Be3 Qxg2 18. Ng5 Ng6 19.
Rdg1 Nce5 20. Qd1 Rxc2+ 21. Qxc2 Qxc2+ 22. Kxc2 h6 23. Nh3 Rc8+ 24. Kb1 Rc4
25. Rd1 Rh4 26. Nf2 Nc4 27. Bxa7 Nf4 28. Nd3 Ne6 29. Nc5 Nf4 30. Rd4 g5 31.
Bb8 Ng6 32. Rxd5 Nb6 33. Rd8+ Kg7 34. Bg3 Rc4 35. Rc1 Rg4 36. Rd3 h5 37. h3
Rxg3 38. Rxg3 f6 39. Nxb7 h4 40. Rb3 Nd5 41. Nd6 Ngf4 42. a4 Kg6 43. a5 g4
44. hxg4 h3 45. Nf5 Kg5 46. a6 Kxg4 47. Ne3+ Nxe3 48. Rxe3 h2 49. a7 Nd5
50. Rb3 h1=Q 51. Rxh1 f5 52. a8=Q f4 53. Qxd5 f3 54. Qxf3+ Kg5 55. Rh5+ Kg6
56. Qf5+ Kg7 57. Rh7+ Kg8 58. Rb8# { Black checkmated } 1-0

[Event "ICC tourney 2606 (40 5)"]
[Site "Internet Chess Club"]
[Date "2021.06.13"]
[Round "4"]
[White "LIU, LEONARDO:K12-14879663"]
[Black "ZHANG, ERIC M:K12-14668426"]
[Result "1/2-1/2"]
[ICCResult "Game drawn by repetition"]
[WhiteElo "2042"]
[BlackElo "2204"]
[Opening "Sicilian: closed"]
[ECO "B23"]
[NIC "SI.44"]
[Time "11:00:37"]
[PlyCount "98"]
[TimeControl "2400+5"]

1. e4 c5 2. Nc3 d6 3. g3 g6 4. Bg2 Bg7 5. d3 Nf6 6. Nge2 O-O 7. O-O Nc6 8.
f4 Bg4 9. h3 Bxe2 10. Nxe2 Nd7 11. f5 Nd4 12. c3 Nxe2+ 13. Qxe2 Rb8 14. a4
a6 15. Be3 b5 16. axb5 axb5 17. Qd2 Ne5 18. Rf4 b4 19. Bf1 bxc3 20. bxc3
Rb3 21. d4 cxd4 22. cxd4 Nc6 23. fxg6 hxg6 24. Rd1 Qb6 25. Kh1 Bh6 26. Bc4
Rxe3 27. Qxe3 e5 28. Rxf7 Bxe3 29. Rb7+ Kh8 30. Rxb6 Nxd4 31. Rxd6 Rc8 32.
Bd3 Kg7 33. Rd5 Rb8 34. Rb1 Ra8 35. Bf1 Ra2 36. Rd7+ Kh6 37. Rdb7 Rf2 38.
R7b2 Rf3 39. g4 Kg5 40. Bg2 Rf7 41. Rf1 Rc7 42. Ra2 Rc3 43. Re1 Bf4 44. Rf1
Be3 45. Re1 Bf4 46. Rf1 Be3 47. Re1 Bf4 48. Rf1 Be3 49. Re1 Bf4 { Game
drawn by repetition } 1/2-1/2

[Event "ICC tourney 2606 (40 5)"]
[Site "Internet Chess Club"]
[Date "2021.06.13"]
[Round "4"]
[White "JONES, JACOB BENJAMIN:K12-16585267"]
[Black "MCCOY, OWEN:K12-14447115"]
[Result "0-1"]
[ICCResult "White resigns"]
[WhiteElo "1891"]
[BlackElo "2251"]
[Opening "Trompowsky attack (Ruth, Opocenský opening)"]
[ECO "A45"]
[NIC "QP.07"]
[Time "11:00:25"]
[PlyCount "116"]
[TimeControl "2400+5"]

1. d4 Nf6 2. Bg5 Ne4 3. Bf4 c5 4. f3 Nf6 5. d5 Qb6 6. Nc3 Qxb2 7. Bd2 Qb6
8. e4 d6 9. f4 Qd8 10. Nf3 g6 11. Bc4 Bg7 12. e5 dxe5 13. fxe5 Nfd7 14. Qe2
a6 15. a4 Nb6 16. Ba2 Bg4 17. d6 e6 18. O-O O-O 19. Rae1 Nc6 20. Bf4 Nd7
21. Qf2 Bxf3 22. Qxf3 Ndxe5 23. Qg3 Nd7 24. Bg5 Qa5 25. Ne4 Qxa4 26. Bb3
Qd4+ 27. Kh1 c4 28. c3 Qd5 29. Bc2 e5 30. Rd1 Qe6 31. Qe3 f5 32. Nc5 Nxc5
33. Qxc5 h6 34. Be3 Rfd8 35. d7 Rxd7 36. Rxd7 Qxd7 37. Qxc4+ Kh8 38. Rd1
Qe8 39. Ba4 b5 40. Bxb5 axb5 41. Qxb5 Rb8 42. Qa4 Rc8 43. h3 Nb8 44. Qa5
Nd7 45. Qa7 Nf6 46. Qa5 Ne4 47. Rd3 f4 48. Bg1 Qf7 49. Qb4 Ng3+ 50. Kh2 Nf5
51. Bf2 Kh7 52. Qa4 Rc7 53. Be1 Qc4 54. Qxc4 Rxc4 55. Rd7 Kg8 56. Kg1 Bf8
57. Kf2 e4 58. Ra7 Bc5+ { White resigns } 0-1

[Event "ICC tourney 2606 (40 5)"]
[Site "Internet Chess Club"]
[Date "2021.06.13"]
[Round "4"]
[White "ORUGANTI, SURAJ:K12-15521792"]
[Black "TSAY, VINCENT:K12-15297685"]
[Result "1-0"]
[ICCResult "Black resigns"]
[WhiteElo "1771"]
[BlackElo "2392"]
[Opening "French: exchange variation"]
[ECO "C01"]
[NIC "FR.01"]
[Time "11:00:42"]
[PlyCount "119"]
[TimeControl "2400+5"]

1. e4 e6 2. d4 d5 3. exd5 exd5 4. Nf3 Nc6 5. c4 Nf6 6. Nc3 Be7 7. h3 O-O 8.
Be2 dxc4 9. Bxc4 Nb4 10. O-O c6 11. a3 Nbd5 12. Re1 Re8 13. Ne5 Be6 14. Bd3
a6 15. Bc2 c5 16. Qd3 cxd4 17. Nxd5 Qxd5 18. Bg5 g6 19. Nf3 Rad8 20. Rad1
Bf5 21. Qf1 Bxc2 22. Rxd4 Qa5 23. Rxe7 Rxe7 24. Rxd8+ Qxd8 25. Bxf6 Qd6 26.
Bxe7 Qxe7 27. Qc4 Bf5 28. Qd4 Qe4 29. Qc3 Bd7 30. Ne5 Be6 31. b4 Bd5 32.
Qg3 Be6 33. Qc3 h5 34. f3 Qd5 35. Kf2 b5 36. Nd3 Qa2+ 37. Qb2 Qc4 38. Nc5
Qh4+ 39. Kg1 Qe1+ 40. Kh2 h4 41. Nxa6 Qg3+ 42. Kh1 Bxh3 43. gxh3 Qxh3+ 44.
Kg1 Qxf3 45. Nc5 g5 46. Qe5 Qg4+ 47. Kh2 h3 48. Qe4 Qd1 49. Kxh3 Qf1+ 50.
Kg4 Kg7 51. Qe5+ Kg6 52. Qxg5+ Kh7 53. Qf5+ Qxf5+ 54. Kxf5 Kg7 55. Ne4 Kf8
56. Nd6 Ke7 57. Nxb5 Kd7 58. Nc3 Kc6 59. a4 Kb6 60. Kf6 { Black resigns }
1-0

[Event "ICC tourney 2606 (40 5)"]
[Site "Internet Chess Club"]
[Date "2021.06.13"]
[Round "4"]
[White "LU, MAXIMILLIAN:K12-14732597"]
[Black "LANCMAN, KYLE B:K12-15146021"]
[Result "1-0"]
[ICCResult "Black forfeits on time"]
[WhiteElo "2430"]
[BlackElo "1993"]
[Opening "English: symmetrical, Botvinnik system reversed"]
[ECO "A37"]
[NIC "EO.28"]
[Time "11:00:15"]
[PlyCount "131"]
[TimeControl "2400+5"]

1. Nf3 c5 2. c4 g6 3. g3 Bg7 4. Bg2 Nc6 5. Nc3 e5 6. d3 Nge7 7. O-O O-O 8.
Ne1 d6 9. Nc2 Be6 10. Ne3 Qd7 11. Ned5 Bh3 12. Ne4 Nxd5 13. Bxh3 Qxh3 14.
cxd5 Ne7 15. Nxd6 Qd7 16. Ne4 Qxd5 17. Qa4 Nc6 18. Be3 b6 19. Rac1 Nd4 20.
Bxd4 exd4 21. Qc4 Qxc4 22. Rxc4 f5 23. Nd2 Rfe8 24. Re1 Rac8 25. Kf1 Bh6
26. Nf3 Red8 27. Rd1 Kf7 28. a4 a5 29. Ra1 Ke6 30. Ra3 Kf6 31. Rb3 Rc6 32.
Rb5 Rdc8 33. Ke1 R8c7 34. Kd1 Rc8 35. h3 R8c7 36. Ne1 Rc8 37. Nc2 R8c7 38.
Na3 Rc8 39. Rc2 Re8 40. Nc4 Ree6 41. h4 g5 42. hxg5+ Bxg5 43. f4 Bh6 44.
Ne5 Rcd6 45. Rc1 Bg7 46. Kd2 Ke7 47. Nc4 Rc6 48. Rh1 h6 49. Ke1 Rg6 50. Kf2
Rge6 51. Ra1 Kf7 52. Ra3 Bf6 53. Rab3 Bd8 54. Ne5+ Rxe5 55. fxe5 Ke6 56.
Ra3 Kxe5 57. Ra1 Bg5 58. Kf3 Kd5 59. Rb1 Re6 60. b4 axb4 61. R1xb4 Bd8 62.
Rc4 Bc7 63. a5 Re3+ 64. Kf2 Re6 65. axb6 Bxb6 66. Ra4 { Black forfeits on
time } 1-0

[Event "ICC tourney 2606 (40 5)"]
[Site "Internet Chess Club"]
[Date "2021.06.13"]
[Round "4"]
[White "DHAR, SUMIT:K12-15188271"]
[Black "CLASBY, DEREK:K12-15194211"]
[Result "0-1"]
[ICCResult "White forfeits on time"]
[WhiteElo "2181"]
[BlackElo "2286"]
[Opening "Queen's Indian accelerated"]
[ECO "A50"]
[NIC "QP.07"]
[Time "11:00:43"]
[PlyCount "136"]
[TimeControl "2400+5"]

1. d4 Nf6 2. c4 b6 3. Nc3 Bb7 4. Nf3 g6 5. d5 Bg7 6. e4 d6 7. Be2 O-O 8.
O-O Nbd7 9. Qc2 a5 10. Bg5 h6 11. Bd2 Nc5 12. Rab1 e5 13. b3 c6 14. Ne1
cxd5 15. exd5 Bc8 16. Rc1 Bf5 17. Qd1 g5 18. a3 a4 19. Nxa4 Nxa4 20. bxa4
Nd7 21. Nd3 e4 22. Nb4 Bb2 23. Nc6 Qe8 24. Rb1 Bxa3 25. Rb3 Bc5 26. Bg4
Bxg4 27. Qxg4 f5 28. Qh3 Kg7 29. Bc3+ Kh7 30. a5 e3 31. Bd4 exf2+ 32. Rxf2
Bxd4 33. Nxd4 Rxa5 34. Rf1 g4 35. Qh4 Nc5 36. Re1 Ne4 37. Rxb6 Qd7 38. c5
Rxc5 39. Ne6 Rfc8 40. Nxc5 Rxc5 41. Reb1 Qc7 42. Qe1 Qf7 43. Qb4 Rc7 44.
Qd4 Kg6 45. Rb8 Qf6 46. Rg8+ Kf7 47. Qxf6+ Kxf6 48. Rh8 Ke5 49. Rxh6 Kxd5
50. Rd1+ Ke5 51. h4 Kf4 52. Rg6 Rh7 53. Rf1+ Ke5 54. Rg8 Ng3 55. Re1+ Kf4
56. Rd8 Rxh4 57. Rxd6 Rh1+ 58. Kf2 Ne4+ 59. Rxe4+ Kxe4 60. Rf6 Rc1 61. Kg3
Rc3+ 62. Kh4 g3 63. Kg5 Rc5 64. Re6+ Re5 65. Rf6 Ke3 66. Kh4 f4 67. Kg4 Kf2
68. Kxf4 Ra5 { White forfeits on time } 0-1